EL
ERIE SEAWOLVES @ BOWIE BAYSOX
05/13/2049
 
TOP OF THE 1ST
Erie SeaWolves batting - Pitching for Bowie Baysox : RHP Wes Reynolds
Pitching: RHP Wes Reynolds
Batting: RHB Janne Vihko 0-0: Fly out, F9 (Flyball, 89D, EV 97.5 MPH)
Batting: RHB Norm Wood 0-0: Called Strike
0-1: Swinging Strike
0-2: Strikes out swinging
Batting: RHB Eric Angelle 0-0: Ball
1-0: Foul Ball, location: 2F
1-1: Ball
2-1: Foul Ball, location: 2F
2-2: Strikes out swinging
Top of the 1st over - 0 runs, 0 hits, 0 errors, 0 left on base; Erie 0 - Bowie 0
BOTTOM OF THE 1ST
Bowie Baysox batting - Pitching for Erie SeaWolves : RHP Andy Strange
Pitching: RHP Andy Strange
Batting: RHB Alfredo Reguera 0-0: Called Strike
0-1: Ground out 4-3 (Groundball, 4MD, EV 101.9 MPH)
Batting: RHB Jonathan Mendoza 0-0: Ball
1-0: Ground out 5-3 (Groundball, 5L, EV 90.6 MPH)
Batting: RHB Luke Vaccarino 0-0: Called Strike
0-1: Swinging Strike
0-2: Ball
1-2: Ground out 5-3 (Groundball, 56, EV 96.9 MPH)
Bottom of the 1st over - 0 runs, 0 hits, 0 errors, 0 left on base; Erie 0 - Bowie 0
TOP OF THE 2ND
Erie SeaWolves batting - Pitching for Bowie Baysox : RHP Wes Reynolds
Batting: LHB Afanasy Zasekin 0-0: Ball
1-0: Ball
2-0: Called Strike
2-1: Ball
3-1: Foul Ball, location: 2F
3-2: Foul Ball, location: 2F
3-2: Strikes out looking
Batting: LHB Jamie Christian 0-0: Ball
1-0: Ground out 4-3 (Groundball, 4M, EV 84.4 MPH)
Batting: RHB German Quiroga 0-0: Swinging Strike
0-1: Ball
1-1: Swinging Strike
1-2: Foul Ball, location: 2F
1-2: Foul Ball, location: 2F
1-2: Strikes out swinging
Top of the 2nd over - 0 runs, 0 hits, 0 errors, 0 left on base; Erie 0 - Bowie 0
BOTTOM OF THE 2ND
Bowie Baysox batting - Pitching for Erie SeaWolves : RHP Andy Strange
Batting: RHB Josh Hopp 0-0: Ball
1-0: Ball
2-0: Called Strike
2-1: Swinging Strike
2-2: Strikes out looking
Batting: RHB Wil Ochoa 0-0: Ball
1-0: SINGLE (Line Drive, 6D, EV 108.1 MPH)
Batting: SHB Chris Wright 0-0: Called Strike
0-1: Ball
1-1: Ball
2-1: Fly out, F7 (Line Drive, 78M, EV 95.0 MPH)
Batting: RHB Minoru Matsumoto 0-0: Called Strike
Wil Ochoa steals 2nd base
0-1: Foul Ball, location: 2F
0-2: Ball
1-2: Ball
2-2: Ball
3-2: Ground out 4-3 (Groundball, 4M, EV 101.2 MPH)
Bottom of the 2nd over - 0 runs, 1 hit, 0 errors, 1 left on base; Erie 0 - Bowie 0
TOP OF THE 3RD
Erie SeaWolves batting - Pitching for Bowie Baysox : RHP Wes Reynolds
Batting: RHB Jaden Warrior 0-0: Called Strike
0-1: Foul Ball, location: 2F
0-2: Ball
1-2: Strikes out swinging
Batting: RHB Tanner Purchase 0-0: Foul Ball, location: 2F
0-1: Foul Ball, location: 2F
0-2: Ball
1-2: Strikes out swinging
Batting: SHB Chris Wagler 0-0: Ball
1-0: Fly out, F8 (Flyball, 8RD, EV 101.2 MPH)
Top of the 3rd over - 0 runs, 0 hits, 0 errors, 0 left on base; Erie 0 - Bowie 0
BOTTOM OF THE 3RD
Bowie Baysox batting - Pitching for Erie SeaWolves : RHP Andy Strange
Batting: RHB Honório Szenes 0-0: Called Strike
0-1: Foul Ball, location: 2F
0-2: Strikes out looking
Batting: RHB Matthew Neal 0-0: Called Strike
0-1: Ball
1-1: Ball
2-1: Foul Ball, location: 2F
2-2: Ball
3-2: Foul Ball, location: 2F
3-2: Strikes out swinging
Batting: RHB Alfredo Reguera 0-0: Called Strike
0-1: Swinging Strike
0-2: SINGLE (Line Drive, 9S, EV 111.2 MPH)
Batting: RHB Jonathan Mendoza 0-0: Ball
1-0: Called Strike
1-1: Swinging Strike
1-2: Ball
2-2: Strikes out swinging
Bottom of the 3rd over - 0 runs, 1 hit, 0 errors, 1 left on base; Erie 0 - Bowie 0
TOP OF THE 4TH
Erie SeaWolves batting - Pitching for Bowie Baysox : RHP Wes Reynolds
Batting: RHB Janne Vihko 0-0: SINGLE (Flyball, 34D, EV 88.1 MPH)
Batting: RHB Norm Wood 0-0: Ball
Janne Vihko is caught stealing 2nd base 2-4
1-0: Ground out 6-3 (Groundball, 6, EV 97.5 MPH)
Batting: RHB Eric Angelle 0-0: Called Strike
0-1: Foul Ball, location: 2F
0-2: Strikes out swinging
Top of the 4th over - 0 runs, 1 hit, 0 errors, 0 left on base; Erie 0 - Bowie 0
BOTTOM OF THE 4TH
Bowie Baysox batting - Pitching for Erie SeaWolves : RHP Andy Strange
Batting: RHB Luke Vaccarino 0-0: Called Strike
0-1: Ball
1-1: Foul Ball, location: 2F
1-2: Ball
2-2: Ball
3-2: Base on Balls
Batting: RHB Josh Hopp 0-0: Ball
1-0: DOUBLE (Line Drive, 7LM, EV 100.6 MPH)
Luke Vaccarino to third
Batting: RHB Wil Ochoa 0-0: Called Strike
0-1: Ball
1-1: Swinging Strike
1-2: Strikes out swinging
Batting: SHB Chris Wright 0-0: Ball
1-0: SINGLE (Flyball, 34D, EV 83.1 MPH)
Luke Vaccarino scores
Josh Hopp to third
Batting: RHB Minoru Matsumoto 0-0: Ball
1-0: Foul Ball, location: 2F
1-1: Grounds into double play, 5-4-3 (Groundball, 56, EV 86.9 MPH)
Bottom of the 4th over - 1 run, 2 hits, 0 errors, 1 left on base; Erie 0 - Bowie 1
TOP OF THE 5TH
Erie SeaWolves batting - Pitching for Bowie Baysox : RHP Wes Reynolds
Batting: LHB Afanasy Zasekin 0-0: Called Strike
0-1: Foul Ball, location: 2F
0-2: Ball
1-2: Foul Ball, location: 2F
1-2: Strikes out swinging
Batting: LHB Jamie Christian 0-0: Called Strike
0-1: Ground out 3-1 (Groundball, 34S, EV 65.0 MPH)
Batting: RHB German Quiroga 0-0: Swinging Strike
0-1: Called Strike
0-2: Ball
1-2: Ball
2-2: Ball
3-2: Ground out 5-3 (Groundball, 56S, EV 76.2 MPH)
Top of the 5th over - 0 runs, 0 hits, 0 errors, 0 left on base; Erie 0 - Bowie 1
BOTTOM OF THE 5TH
Bowie Baysox batting - Pitching for Erie SeaWolves : RHP Andy Strange
Batting: RHB Honório Szenes 0-0: Ball
1-0: Foul Ball, location: 2F
1-1: Ball
2-1: Ball
3-1: Base on Balls
Batting: RHB Matthew Neal 0-0: Ball
Honório Szenes steals 2nd, throwing error, E2
Honório Szenes to third
1-0: Called Strike
1-1: Fly out, F7 (Flyball, 7, EV 81.9 MPH)
Runner from 3rd tags up, SCORES, throw by LF
Batting: RHB Alfredo Reguera 0-0: Swinging Strike
0-1: Fly out, F8 (Line Drive, 8RD, EV 89.4 MPH)
Batting: RHB Jonathan Mendoza 0-0: Ball
1-0: Foul Ball, location: 2F
1-1: Foul Ball, location: 2F
1-2: Ball
2-2: Foul Ball, location: 2F
2-2: Ball
3-2: Foul Ball, location: 2F
3-2: Fly out, F7 (Flyball, 7LM, EV 85.6 MPH)
Bottom of the 5th over - 1 run, 0 hits, 1 error, 0 left on base; Erie 0 - Bowie 2
TOP OF THE 6TH
Erie SeaWolves batting - Pitching for Bowie Baysox : RHP Wes Reynolds
Batting: RHB Jaden Warrior 0-0: Called Strike
0-1: Called Strike
0-2: Ball
1-2: Foul Ball, location: 2F
1-2: SINGLE (Line Drive, 4D, EV 100.6 MPH)
Batting: RHB Tanner Purchase 0-0: Called Strike
0-1: Fielders Choice at 2nd, 5-4 (Groundball, 56, EV 90.6 MPH)
Batting: SHB Chris Wagler 0-0: Called Strike
Tanner Purchase steals 2nd base (no throw)
0-1: Ball
Tanner Purchase steals 3rd base
1-1: DOUBLE (Line Drive, 89D, EV 107.5 MPH)
Tanner Purchase scores
Batting: RHB Janne Vihko 0-0: Ball
1-0: Called Strike
1-1: Ground out 5-3 (Groundball, 56S, EV 81.2 MPH)
Batting: RHB Norm Wood 0-0: Called Strike
0-1: Swinging Strike
0-2: Ball
1-2: Foul Ball, location: 2F
1-2: Foul Ball, location: 2F
1-2: Strikes out looking
Top of the 6th over - 1 run, 2 hits, 0 errors, 1 left on base; Erie 1 - Bowie 2
BOTTOM OF THE 6TH
Bowie Baysox batting - Pitching for Erie SeaWolves : RHP Andy Strange
Batting: RHB Luke Vaccarino 0-0: Swinging Strike
0-1: Ball
1-1: SINGLE (Groundball, 4D, EV 98.1 MPH)
Batting: RHB Josh Hopp 0-0: Ball
1-0: Called Strike
1-1: Ball
2-1: Foul Ball, location: 2F
2-2: Fly out, F9 (Flyball, 9D, EV 91.9 MPH)
Batting: RHB Wil Ochoa 0-0: Called Strike
0-1: Ball
1-1: Called Strike
1-2: Ball
2-2: Grounds into double play, 6-4-3 (Groundball, 6, EV 79.4 MPH)
Bottom of the 6th over - 0 runs, 1 hit, 0 errors, 0 left on base; Erie 1 - Bowie 2
TOP OF THE 7TH
Erie SeaWolves batting - Pitching for Bowie Baysox : RHP Wes Reynolds
Now at 2B: Jason Burke
Now at 3B: Chris Wright
Batting: RHB Eric Angelle 0-0: DOUBLE (Line Drive, 7LS, EV 110.6 MPH)
Batting: LHB Afanasy Zasekin 0-0: Ball
Wild Pitch!
Eric Angelle to third
1-0: Foul Ball, location: 2F
1-1: Ball
2-1: Foul Ball, location: 2F
2-2: Foul Ball, location: 2F
2-2: SINGLE (Line Drive, 7S, EV 96.9 MPH)
Eric Angelle scores
Batting: LHB Jamie Christian 0-0: Ball
1-0: Ball
Afanasy Zasekin steals 2nd base
2-0: Intentional Walk
Batting: RHB German Quiroga 0-0: Reached on error, E6 (Groundball, 6MS, EV 86.2 MPH)
Afanasy Zasekin to third
Jamie Christian to second
Batting: RHB Jaden Warrior 0-0: Called Strike
0-1: Ball
1-1: Foul Ball, location: 2F
1-2: Strikes out looking
Batting: RHB Tanner Purchase 0-0: Ball
1-0: Ball
2-0: Fly out, F9 (Flyball, 9, EV 93.1 MPH)
Batting: SHB Chris Wagler 0-0: Called Strike
0-1: Fielders Choice at 2nd, 6-4 (Groundball, 6, EV 80.0 MPH)
Top of the 7th over - 1 run, 2 hits, 1 error, 3 left on base; Erie 2 - Bowie 2
BOTTOM OF THE 7TH
Bowie Baysox batting - Pitching for Erie SeaWolves : RHP Andy Strange
Pitching: LHP Jim Daum
Batting: SHB Chris Wright 0-0: Ground out 6-3 (Groundball, 6MS, EV 80.0 MPH)
Batting: RHB Minoru Matsumoto 0-0: Ball
1-0: Ball
2-0: Called Strike
2-1: SINGLE (Line Drive, 9LS, EV 112.5 MPH)
Batting: RHB Honório Szenes 0-0: SINGLE (Groundball, 6MD, EV 96.2 MPH)
Minoru Matsumoto to second
Batting: RHB Jason Burke 0-0: Foul Ball, location: 2F
0-1: Ball
1-1: Ball
2-1: Called Strike
2-2: Fly out, F4 (Line Drive, 4, EV 75.0 MPH)
Batting: RHB Alfredo Reguera 0-0: Ball
1-0: Foul Ball, location: 2F
1-1: Fly out, F8 (Flyball, 8LD, EV 93.8 MPH)
Bottom of the 7th over - 0 runs, 2 hits, 0 errors, 2 left on base; Erie 2 - Bowie 2
TOP OF THE 8TH
Erie SeaWolves batting - Pitching for Bowie Baysox : RHP Wes Reynolds
Batting: RHB Janne Vihko 0-0: Foul Ball, location: 2F
0-1: Ball
1-1: SINGLE (Groundball, 56D, EV 110.0 MPH) (infield hit)
Batting: RHB Norm Wood 0-0: Sac Bunt to 13S - play at first, batter OUT! 1-3
Janne Vihko to second
Pitching: RHP Harley Hyde
Batting: RHB Eric Angelle 0-0: Foul Ball, location: 2F
0-1: Swinging Strike
0-2: Foul Ball, location: 2F
0-2: Strikes out swinging
Batting: LHB Afanasy Zasekin 0-0: Called Strike
0-1: Foul Ball, location: 2F
0-2: Foul Ball, location: 2F
0-2: Strikes out swinging
Top of the 8th over - 0 runs, 1 hit, 0 errors, 1 left on base; Erie 2 - Bowie 2
BOTTOM OF THE 8TH
Bowie Baysox batting - Pitching for Erie SeaWolves : LHP Jim Daum
Batting: RHB Jonathan Mendoza 0-0: Ball
1-0: Ball
2-0: Called Strike
2-1: SOLO HOME RUN (Flyball, 78XD, EV 103.1 MPH), Distance : 415 ft
Batting: RHB Luke Vaccarino 0-0: Called Strike
0-1: Called Strike
0-2: Fly out, F9 (Flyball, 9, EV 79.4 MPH)
Batting: RHB Josh Hopp 0-0: Ball
1-0: Foul Ball, location: 2F
1-1: Ball
2-1: SINGLE (Flyball, 8RS, EV 91.2 MPH)
Batting: RHB Wil Ochoa 0-0: Ball
1-0: Called Strike
Josh Hopp is caught stealing 2nd base 2-4
1-1: Foul Ball, location: 2F
1-2: Foul Ball, location: 2F
1-2: Hit by Pitch
Batting: SHB Chris Wright 0-0: Called Strike
0-1: Ball
1-1: Ball
2-1: Ball
3-1: Foul Ball, location: 2F
3-2: Base on Balls
Wil Ochoa to second
Batting: RHB Minoru Matsumoto 0-0: Ball
1-0: Called Strike
1-1: Called Strike
1-2: Fly out, F7 (Flyball, 7, EV 96.2 MPH)
Bottom of the 8th over - 1 run, 2 hits, 0 errors, 2 left on base; Erie 2 - Bowie 3
TOP OF THE 9TH
Erie SeaWolves batting - Pitching for Bowie Baysox : RHP Harley Hyde
Pitching: RHP Manny Rolfe
Batting: LHB Jamie Christian 0-0: Called Strike
0-1: Ball
1-1: Ball
2-1: Foul Ball, location: 2F
2-2: Strikes out swinging
Batting: RHB German Quiroga 0-0: Ball
1-0: Swinging Strike
1-1: Ball
2-1: Ball
3-1: Fly out, F7 (Flyball, 78M, EV 78.1 MPH)
Pinch Hitting: LHB Jon Frederick 0-0: Called Strike
0-1: Called Strike
0-2: Ball
1-2: Strikes out swinging
Top of the 9th over - 0 runs, 0 hits, 0 errors, 0 left on base; Erie 2 - Bowie 3
Sunday, July 16th , 2023 - OOTP Baseball 24.6 Build 69